 Dungeon Crawl Stone Soup version 0.22-a0-322-g60b3cfd (webtiles) character file.

10788 CanOfBees the Grappler (level 11, 0/102 HPs)
             Began as a Ghoul Monk on Apr 3, 2018.
             Was a High Priest of Okawaru.
             Slain by a death yak (19 damage)
             ... led by a torpor snail
             ... on level 2 of the Lair of Beasts.
             The game lasted 00:25:17 (10893 turns).

CanOfBees the Grappler (Ghoul Monk)                Turns: 10893, Time: 00:25:17

Health: 0/102      AC: 17    Str: 19    XL:     11   Next: 67%
Magic:  16/16      EV: 11    Int:  5    God:    Okawaru [*****.]
Gold:   749        SH:  0    Dex: 11    Spells: 10/10 levels left

rFire    + . .     SeeInvis .     - Unarmed
rCold    + . .     Gourm    .   (no shield)
rNeg     + + +     Faith    .   r - +2 plate armour {rPois}
rPois    ∞         Spirit   .   B - +1 helmet
rElec    .         Reflect  .   I - +1 cloak
rCorr    .         Harm     .   (no gloves)
MR       .....                  (no boots)
Stlth    ..........             (no amulet)
HPRegen  0.00/turn              A - +4 ring of evasion
MPRegen  0.15/turn              v - ring of protection from fire

@: about to teleport, rotting, slowed, very slow
A: rotting body, claws 1, carnivore, cold resistance 1, negative energy
resistance 3, inhibited regeneration, torment resistance, unbreathing
a: Heroism, Finesse, Renounce Religion


You were on level 2 of the Lair of Beasts.
You worshipped Okawaru.
Okawaru was extremely pleased with you.
You were not hungry.

You visited 2 branches of the dungeon, and saw 12 of its levels.

You collected 921 gold pieces.
You spent 172 gold pieces at shops.

Inventory:

Hand Weapons
 s - a +0 hunting sling
 G - a +0 blowgun
Missiles
 d - 4 curare-tipped needles
 n - 13 tomahawks (quivered)
 q - 82 sling bullets
 y - 5 needles of sleeping
 P - 25 poisoned needles
 Q - 8 javelins
Armour
 r - a +2 plate armour of poison resistance (worn)
 B - a +1 helmet (worn)
 I - a +1 cloak (worn)
Jewellery
 v - a ring of protection from fire (right claw)
 A - a +4 ring of evasion (left claw)
Wands
 x - a wand of flame (46)
 N - a wand of clouds (6)
 U - a wand of acid (4)
Scrolls
 a - 6 scrolls of teleportation
 f - 3 scrolls of immolation
 g - 3 scrolls of identify
 h - a scroll of random uselessness {unknown}
 j - 2 scrolls of magic mapping
 p - a scroll of enchant weapon {unknown}
 t - 2 scrolls of blinking {unknown}
 z - 3 scrolls of enchant armour {unknown}
 C - a scroll of noise {unknown}
 D - 2 scrolls of amnesia {unknown}
 J - a scroll of fear {unknown}
 K - 3 scrolls of remove curse {unknown}
 O - a scroll of acquirement {unknown}
 R - a scroll of vulnerability {unknown}
Potions
 c - a potion of resistance {unknown}
 e - a potion of might {unknown}
 i - a potion of degeneration {unknown}
 k - 5 potions of curing
 l - 6 potions of brilliance
 m - 4 potions of mutation {unknown}
 o - a potion of ambrosia {unknown}
 u - a potion of berserk rage {unknown}
 w - 2 potions of agility
 E - a potion of haste {unknown}
 L - 3 potions of heal wounds {unknown}
 M - 2 potions of flight {unknown}
 S - a potion of magic {unknown}
 T - 3 potions of lignification {unknown}
Miscellaneous
 F - a lightning rod (4/4)
Comestibles
 b - 15 rations
 H - 4 chunks of flesh


   Skills:
 + Level 11.5 Fighting
 - Level 4.0 Throwing
 - Level 3.3 Armour
 - Level 5.0 Dodging
 - Level 2.1 Stealth
 + Level 11.5 Unarmed Combat
 * Level 8.5 Invocations


You had 10 spell levels left.
You didn't know any spells.

Dungeon Overview and Level Annotations

Branches:
Dungeon (10/15)            Temple (0/1) D:7            Lair (2/6) D:10
    Orc (0/2) D:9
  Swamp: Lair:2-4    Shoals: Lair:2-4     Snake: Lair:2-4    Spider: Lair:2-4

Altars:
Ashenzari
Elyvilon
Kikubaaqudgha
Okawaru
Qazlal
Sif Muna
Trog
Uskayaw
Vehumet
Wu Jian
Xom
Yredelemnul

Shops:
D:5 [   D:9 :

Annotations:
D:8 Psyche


Innate Abilities, Weirdness & Mutations

Your body is rotting away.
You thrive on raw meat.
You are immune to poison.
You have sharp fingernails.
You are carnivorous and can eat meat at any time.
Your flesh is cold resistant. (rC+)
You are immune to negative energy. (rN+++)
You do not regenerate when monsters are visible.
You are immune to unholy pain and torment.
You can survive without breathing.


Message History

A death yak comes into view.
The death yak bellows!
The death yak gores you. The death yak barely misses you.
You feel yourself speed up. The death yak gores you.
Being near the torpor snail leaves you feeling lethargic.
The death yak gores you but does no damage.
The death yak gores you! The death yak barely misses you.
The death yak gores you!! The death yak gores you! x2
The death yak gores you!
* * * LOW HITPOINT WARNING * * *
The death yak gores you but does no damage.
The death yak misses you.
As you read the scroll of teleportation, it crumbles to dust.
You feel strangely unstable. The death yak gores you!
* * * LOW HITPOINT WARNING * * *
The death yak misses you. The death yak gores you!!
You die...

.................................
.......>.........................
.................................
............#.#...#.P............
......#PP#P####...#####..PP......
#...P#########....## #######..##
..#### #......# ####. ..P#
##.....# ###P.. ...#### ###
##.Y@[.## #####.....
....P.###.###..Y....####.#.##....
.............w...................
.................................
#...............................#
.P................)............#.
.................................
.................................
....#.######........P.######.....


You could see 2 death yaks and a torpor snail.

Vanquished Creatures
  The ghost of axecop the Skirmisher, a novice CeGl of Okawaru (D:5)
  A gargoyle (D:10)
  3 rime drakes
  2 komodo dragons (Lair:1)
  The ghost of harakhte the Slasher, an amateur TeMo (D:4)
  9 yaks
  A wyvern (Lair:1)
  Menkaure (D:5)
  4 water moccasins
  6 porcupines
  3 black bears (D:10)
  6 orc warriors
  2 ice beasts
  A sky beast (D:7)
  9 wolves
  4 ogres
  A necrophage (D:9)
  3 centaurs
  4 crocodiles
  3 big kobolds
  A gnoll sergeant (D:9)
  10 bullfrogs
  7 scorpions
  10 wights
  2 electric eels (D:3)
  3 howler monkeys
  A crimson imp (D:10)
  3 jellies
  Crazy Yiuf (D:5)
  4 hounds
  14 orc wizards
  2 bullfrog skeletons (D:4)
  7 orc priests
  3 iguanas (D:5)
  7 worker ants
  2 hound zombies
  A hound skeleton (D:6)
  2 worker ant zombies
  A howler monkey zombie (D:5)
  5 gnolls
  A howler monkey skeleton (D:5)
  8 adders
  3 oozes
  2 adder skeletons
  An adder zombie (D:7)
  4 worms
  4 dart slugs
  3 leopard geckos
  41 orcs
  A ball python (D:3)
  11 giant cockroaches
  5 goblins
  7 hobgoblins
  3 jackals (D:3)
  17 kobolds
  2 quokkas
  6 bats
  7 frilled lizards
  A leopard gecko zombie (D:5)
  A quokka skeleton (D:7)
  12 rats
  A bush (D:5)
292 creatures vanquished.

Vanquished Creatures (others)
  An orc wizard (D:9)
  25 fungi (D:10)
  4 plants (D:10)
30 creatures vanquished.

Grand Total: 322 creatures vanquished

Notes
Turn   | Place    | Note
-------+----------+-------------------------------------------
     0 | D:1      | CanOfBees the Ghoul Monk began the quest for the Orb.
     0 | D:1      | Reached XP level 1. HP: 19/19 MP: 0/0
    36 | D:1      | Found a shattered altar of Ashenzari.
    97 | D:1      | Reached XP level 2. HP: 24/26 MP: 1/1
   454 | D:1      | Reached XP level 3. HP: 32/33 MP: 2/2
   838 | D:2      | Reached XP level 4. HP: 40/40 MP: 3/3
  1194 | D:3      | Found a stormy altar of Qazlal.
  1194 | D:3      | Found a basalt altar of Yredelemnul.
  1194 | D:3      | Found an ornate altar of the Wu Jian Council.
  1320 | D:3      | Reached skill level 1 in Armour
  1320 | D:3      | Reached XP level 5. HP: 42/47 MP: 4/4
  1436 | D:3      | Found a transporter.
  1459 | D:3      | Found a transporter.
  1537 | D:3      | Reached skill level 5 in Fighting
  1539 | D:3      | Reached skill level 5 in Unarmed Combat
  1836 | D:3      | Reached XP level 6. HP: 56/56 MP: 5/5
  2305 | D:4      | Reached XP level 7. HP: 60/62 MP: 6/6
  2319 | D:4      | Noticed an air elemental
  2320 | D:4      | Noticed harakhte's ghost (amateur TeMo)
  2321 | D:4      | Found a stormy altar of Qazlal.
  2365 | D:4      | Killed harakhte's ghost
  2371 | D:4      | Noticed a water elemental
  2371 | D:4      | Noticed a fire elemental
  2983 | D:5      | Entered Level 5 of the Dungeon
  3168 | D:5      | Noticed Menkaure
  3176 | D:5      | Killed Menkaure
  3176 | D:5      | Reached XP level 8. HP: 62/71 MP: 7/7
  3229 | D:5      | Noticed axecop's ghost (novice CeGl)
  3232 | D:5      | Found Cewophor's Armour Shop.
  3411 | D:5      | Killed axecop's ghost
  3422 | D:5      | Bought a +1 helmet for 172 gold pieces
  3758 | D:5      | Noticed a moth of wrath
  3761 | D:5      | Found a bloodstained altar of Trog.
  3855 | D:5      | Got a twisted hand axe
  3857 | D:5      | Identified the +7 hand axe "Jizxiaxo" {chop, rC+ Stlth+} (You found it on level 5 of the Dungeon)
  3913 | D:5      | Found a runed door.
  3917 | D:5      | Noticed Crazy Yiuf
  3925 | D:5      | Killed Crazy Yiuf
  4089 | D:6      | Reached skill level 5 in Dodging
  4113 | D:6      | Reached XP level 9. HP: 79/81 MP: 8/8
  4494 | D:6      | Found an iron altar of Okawaru.
  4499 | D:6      | Became a worshipper of Warmaster Okawaru
  4499 | D:6      | Reached * piety under Okawaru
  4499 | D:6      | Reached ** piety under Okawaru
  4633 | D:6      | Reached skill level 1 in Invocations
  4736 | D:6      | Found a deep blue altar of Sif Muna.
  4750 | D:6      | Found an ancient bone altar of Kikubaaqudgha.
  4760 | D:6      | Found a radiant altar of Vehumet.
  5174 | D:7      | Found a shimmering altar of Xom.
  5174 | D:7      | Found a white marble altar of Elyvilon.
  5179 | D:7      | Found a faded altar of an unknown god.
  5181 | D:7      | Found a hide-covered altar of Uskayaw.
  5182 | D:7      | Found a faded altar of an unknown god.
  5202 | D:7      | You fall through a shaft for 3 floors!
  5202 | D:10     | Entered Level 10 of the Dungeon
  5202 | D:10     | Found a staircase to the Lair.
  5202 | D:10     | Noticed a gargoyle
  5525 | D:9      | Identified the +1 robe of the Snail {-Tele rElec rN+ Int+3} (You found it on level 9 of the Dungeon)
  5766 | D:9      | Reached *** piety under Okawaru
  5904 | D:8      | Reached XP level 10. HP: 69/91 MP: 12/12
  5966 | D:8      | Reached skill level 10 in Fighting
  5966 | D:8      | Reached skill level 10 in Unarmed Combat
  5966 | D:8      | Reached skill level 5 in Invocations
  6221 | D:8      | Reached **** piety under Okawaru
  6567 | D:7      | Found a staircase to the Ecumenical Temple.
  6861 | D:8      | Noticed Psyche
  7267 | D:9      | Reached skill level 1 in Throwing
  7668 | D:9      | Found a staircase to the Orcish Mines.
  7718 | D:9      | Found Tenolex's Book Shop.
  7963 | D:10     | Reached ***** piety under Okawaru
  8028 | D:10     | Killed a gargoyle
  8028 | D:10     | Reached XP level 11. HP: 60/101 MP: 13/15
  8405 | Lair:1   | Entered Level 1 of the Lair of Beasts
  8447 | Lair:1   | Found a dark tunnel.
 10338 | Lair:2   | Received a gift from Okawaru
 10868 | Lair:2   | Noticed a death yak
 10869 | Lair:2   | Noticed a death yak
 10893 | Lair:2   | Slain by a death yak

Vault maps used:
D:1:      dpeg_arrival_arbitrary_b, evilmike_ruin_ashenzari
D:3:      gammafunk_steamed_eel, grunt_temple_overflow_open
D:4:      nicolae_qazlal_style_of_elements
D:5:      tgw_trog, first_ration, serial_shops, kennysheep_mini,
          kennysheep_crisscross, uniq_crazy_yiuf_cottage, uniq_menkaure
D:6:      palyth_temple_overflow_mages, kennysheep_little_box,
          serial_corexii_hall, corexii_hall_statues_l, corexii_hall_statues_i,
          grunt_decor_arrowhead
D:7:      kennysheep_six_static_rooms, chequers_temple_overflow_minitemple,
          minmay_temple_entry_metal_lava
D:8:      uniq_psyche
D:9:      david_orc_4, serial_shops, nicolae_shop_trees
D:10:     due_lair_maze_entry_diamond
Lair:1:   lightli_volcano_entry_magma_tube

Skill      XL: |  1  2  3  4  5  6  7  8  9 10 11 |
---------------+----------------------------------+-----
Dodging        | 3 5 |  5.0
Fighting       | 4 5 6 7 9 10 11 | 11.5
Unarmed Combat | 4 5 6 7 9 10 11 | 11.5
Armour         | 1 2 3 |  3.3
Invocations    | 4 6 8 |  8.5
Throwing       | 2 4 |  4.0
Stealth        | |  2.1

Action                   |  1- 3 |  4- 6 |  7- 9 | 10-12 || total
-------------------------+-------+-------+-------+-------++-------
Melee: Unarmed           |   113 |   154 |   492 |   536 ||  1295
       Punch             |       |     1 |     7 |    19 ||    27
 Fire: Hunting sling     |       |     6 |       |     8 ||    14
       Blowgun           |       |       |       |     4 ||     4
Throw: Tomahawk          |       |     2 |    12 |    11 ||    25
Invok: Heroism           |       |       |     1 |     3 ||     4
Evoke: Wand              |       |     4 |     4 |     5 ||    13
  Use: Scroll            |       |       |     8 |     2 ||    10
       Potion            |       |       |     4 |       ||     4
 Stab: Invisible         |       |       |     5 |       ||     5
  Eat: Chunk             |    15 |    24 |    49 |    88 ||   176
       Ration            |       |       |       |     1 ||     1
Armor: Robe              |     8 |       |       |       ||     8
       Ring mail         |    19 |     2 |       |       ||    21
       Scale mail        |       |    39 |       |       ||    39
       Plate armour      |       |    22 |   227 |   290 ||   539
Dodge: Dodged            |    72 |    72 |   205 |   295 ||   644

Table legend:
 A = Spawn XP
 B = Non-spawn XP
 C = Spawn XP percentage of total XP
 D = Spawn monster count
 E = Non-spawn monster count
 F = Spawn count percentage of total count
 G = Total turns spent on level
                    A         B        C        D         E        F      G
               +---------+---------+-------+---------+---------+-------+---------
         Total |       0 |   15412 |   0.0 |       0 |     292 |   0.0 | 10893
               +---------+---------+-------+---------+---------+-------+---------
           D:1 |       0 |      43 |   0.0 |       0 |      22 |   0.0 |   598
           D:2 |       0 |      76 |   0.0 |       0 |      19 |   0.0 |   596
           D:3 |       0 |     313 |   0.0 |       0 |      34 |   0.0 |   908
           D:4 |       0 |     579 |   0.0 |       0 |      12 |   0.0 |   881
           D:5 |       0 |    1050 |   0.0 |       0 |      24 |   0.0 |   990
           D:6 |       0 |    1170 |   0.0 |       0 |      30 |   0.0 |   872
           D:7 |       0 |     645 |   0.0 |       0 |      22 |   0.0 |   736
           D:8 |       0 |    1988 |   0.0 |       0 |      27 |   0.0 |   956
           D:9 |       0 |    2128 |   0.0 |       0 |      44 |   0.0 |  1189
          D:10 |       0 |    2474 |   0.0 |       0 |      30 |   0.0 |   772
        Lair:1 |       0 |    2748 |   0.0 |       0 |      14 |   0.0 |  1510
        Lair:2 |       0 |    2198 |   0.0 |       0 |      14 |   0.0 |   885
               +---------+---------+-------+---------+---------+-------+---------
